 Dungeon Crawl Stone Soup version 0.23.2-1-ga50397a (webtiles) character file.

Game seed: 12616268748175930934

58 schauveau the Shooter (level 3, -2/30 HPs)
             Began as a Centaur Hunter on Apr 25, 2019.
             Slain by a gnoll
             ... wielding a +0 spear
              (5 damage)
             ... on level 4 of the Dungeon.
             The game lasted 00:02:54 (1464 turns).

schauveau the Shooter (Centaur Hunter)              Turns: 1464, Time: 00:02:55

Health: -2/30      AC:  4    Str: 14    XL:     3   Next: 75%
Magic:  3/3        EV:  9    Int: 10    God:
Gold:   69         SH:  0    Dex: 10    Spells: 2/2 levels left

rFire    . . .     SeeInvis .   a - +1 shortbow
rCold    . . .     Gourm    .   (shield currently unavailable)
rNeg     . . .     Faith    .   c - +0 leather armour
rPois    .         Spirit   .   (no helmet)
rElec    .         Reflect  .   (no cloak)
rCorr    .         Harm     .   (no gloves)
MR       .....                  (no barding)
Stlth    +.........             (no amulet)
HPRegen  0.10/turn              (no ring)
MPRegen  0.08/turn              (no ring)

@: very quick
A: large, hooves 3, deformed body, speed 2, tough skin 3
a: no special abilities


You were on level 4 of the Dungeon.
You were not hungry.

You visited 1 branch of the dungeon, and saw 5 of its levels.

You collected 69 gold pieces.

Inventory:

Hand Weapons
 a - a +1 shortbow (weapon)
 b - a +5 hunting sling
 i - a +0 blowgun
 w - a +0 short sword
Missiles
 d - 24 arrows (quivered)
 j - 14 stones
 n - 4 poisoned needles
 p - 2 javelins
Armour
 c - a +0 leather armour (worn)
Jewellery
 e - a +5 ring of protection {unknown}
Scrolls
 g - a scroll of fear {unknown}
 h - a scroll of immolation {unknown}
 l - a scroll of teleportation {unknown}
 o - a scroll of noise {unknown}
Potions
 m - 2 potions of mutation {unknown}
Comestibles
 f - 3 rations
 k - 2 chunks of flesh


   Skills:
 + Level 2.8 Fighting
 * Level 6.6 Bows
 - Level 1.3 Dodging
 - Level 0.4 Stealth


You had 2 spell levels left.
You didn't know any spells.
Your spell library was empty.

Dungeon Overview and Level Annotations

Branches:
Dungeon (5/15)
 Temple: D:4-7

Altars:
Dithmenos


Innate Abilities, Weirdness & Mutations

You have hooves in place of feet.
Armour fits poorly on your strangely shaped body.
You cover ground very quickly.
You have extremely tough skin. (AC +3)


Message History

There is a stone staircase leading up here.
Firing (i - inventory. (/) - cycle)
d - 27 arrows (quivered)
Press: ? - help, Shift-Dir - straight line, f/p - gnoll
Aim: a gnoll, wielding a +0 spear (lightly wounded)
You shoot an arrow. The arrow closely misses the gnoll.
Firing (i - inventory. (/) - cycle)
d - 26 arrows (quivered)
Press: ? - help, Shift-Dir - straight line, f/p - gnoll
Aim: a gnoll, wielding a +0 spear (lightly wounded)
You shoot an arrow. The arrow barely misses the gnoll.
The gnoll hits you from afar with a +0 spear.
* * * LOW HITPOINT WARNING * * *
Firing (i - inventory. (/) - cycle)
d - 25 arrows (quivered)
Press: ? - help, Shift-Dir - straight line, f/p - gnoll
Aim: a gnoll, wielding a +0 spear (lightly wounded)
You shoot an arrow. The arrow hits the gnoll.
The gnoll is moderately wounded.
The gnoll hits you from afar with a +0 spear.
* * * LOW HITPOINT WARNING * * *
The gnoll hits you from afar with a +0 spear.
You die...

#..........####(###.#
########..........#.#
#)........># #
#..#.....###
##.(g.#### ##(#.#
#(#.# #.#####(#.####
#..@.gg...(...
#.#######..###. ##.#
.# #


You could see 2 gnolls.

Vanquished Creatures
  2 gnolls (D:4)
  A worm (D:2)
  A dart slug (D:1)
  2 leopard geckos (D:2)
  2 orcs
  3 giant cockroaches
  4 goblins (D:2)
  4 hobgoblins
  2 bats
  5 frilled lizards
  3 kobolds
  2 rats (D:2)
31 creatures vanquished.

Notes
Turn   | Place    | Note
-------+----------+-------------------------------------------
     0 | D:1      | schauveau the Centaur Hunter began the quest for the Orb.
     0 | D:1      | Reached XP level 1. HP: 17/17 MP: 1/1
   397 | D:1      | Reached XP level 2. HP: 10/24 MP: 2/2
   954 | D:2      | Reached skill level 6 in Bows
  1004 | D:2      | Found a shadowy altar of Dithmenos.
  1094 | D:2      | Reached XP level 3. HP: 25/30 MP: 3/3
  1430 | D:5      | Entered Level 5 of the Dungeon
  1464 | D:4      | Slain by a gnoll

Skill      XL: |  1  2 |
---------------+-------+-----
Bows           | 6 |  6.6
Fighting       | |  2.8
Dodging        | |  1.3
Stealth        | |  0.4

Action                   || total
-------------------------++-------
Melee: Short sword       ||    51
       Kick              ||     8
 Fire: Shortbow          ||    19
       Hunting sling     ||    38
  Eat: Chunk             ||     1
Armor: Leather armour    ||    24
Dodge: Dodged            ||    38
